 Dungeon Crawl Stone Soup version 0.13-a0-2133-ge955d09 (webtiles) character file.

591 Meatballs the Basher (level 7, 8/66 HPs)
             Began as an Ogre Hunter on June 28, 2013.
             Was a Priest of Trog.
             Quit the game on Level 3 of the Dungeon.
             The game lasted 00:15:23 (3493 turns).

Meatballs the Basher (Ogre Hunter)                  Turns: 3493, Time: 00:15:23

HP   8/66        AC  5     Str 19      XL: 7   Next:  3%
MP   6/6         EV 10     Int 11      God: Trog [***...]
Gold 144         SH  0     Dex 10      Spells:  0 memorised,  6 levels left

Res.Fire  : . . .   See Invis. : .   b - +1 dire flail
Res.Cold  : + . .   Warding    : .   x - +2 orc robe (curse)
Life Prot.: . . .   Conserve   : .   (shield restricted)
Res.Poison: .       Res.Corr.  : .   (helmet restricted)
Res.Elec. : .       Clarity    : .   (no cloak)
Sust.Abil.: . .     Spirit.Shd : .   (gloves unavailable)
Res.Mut.  : .       Stasis     : .   (boots unavailable)
Res.Rott. : .       Flight     : .   (no amulet)
Saprovore : + . .                    (no ring)
                                     p - ring of protection from cold

@: exhausted, slowed, very slow, slightly resistant to hostile enchantments,
unstealthy
A: unfitting armour, fast metabolism 1, saprovore 1, tough skin 1
a: Burn Spellbooks, Berserk, Trog's Hand, Renounce Religion


You were on level 3 of the Dungeon.
You worshipped Trog.
Trog was greatly pleased with you.
You were near starving.

You visited 1 branch of the dungeon, and saw 4 of its levels.

You collected 124 gold pieces.

Inventory:

Hand weapons
 a - a +1,+1 club {=f}
 b - a +1,+1 dire flail (weapon)
 n - a +0,+0 flail
 y - a +0,+0 flail
Missiles
 s - 23 darts (quivered)
Armour
 d - a +0 animal skin
 u - a +1 robe
 x - a cursed +2 orcish robe (worn)
Comestibles
 f - 3 meat rations
 t - 2 bread rations
 z - a pear
Scrolls
 g - 5 scrolls of teleportation {unknown}
 i - a scroll of enchant weapon II
 A - a scroll of enchant weapon I
Jewellery
 p - a ring of protection from cold (left hand)
Potions
 e - 2 potions of agility {unknown}
 h - a potion of poison {unknown}
 j - a potion of curing {unknown}
 l - a potion of cure mutation {unknown}
 o - a potion of invisibility {unknown}
 w - a potion of brilliance {unknown}


   Skills:
 - Level 2.6 Fighting
 + Level 9.3 Maces & Flails
 - Level 4.3 Throwing
 - Level 1.7 Dodging
 - Level 0.7 Stealth


You had 6 spell levels left.
You didn't know any spells.

Dungeon Overview and Level Annotations

Branches:
Dungeon (4/27)
 Temple: D:4-7

Altars:
Trog

Annotations
D:3 Eustachio


Innate Abilities, Weirdness & Mutations

You are too large for most types of armour.
You have a fast metabolism.
You can tolerate rotten meat.
You have tough skin (AC +1).


Message History

A - a scroll of enchant weapon I It was a scroll of identify.
The bat hits you but does no damage. The bat hits you.
* * * LOW HITPOINT WARNING * * *
The ufetubus hits you.
* * * LOW HITPOINT WARNING * * *
The ufetubus hits you but does no damage.
The grey rat bites you.
* * * LOW HITPOINT WARNING * * *
Eustachio hits you with a glowing sabre.
* * * LOW HITPOINT WARNING * * *
The ufetubus barely misses you. The ufetubus closely misses you.
The bat closely misses you. The grey rat bites you.
* * * LOW HITPOINT WARNING * * *
The crimson imp hits you.
* * * LOW HITPOINT WARNING * * *
Eustachio mumbles some strange words.
The ufetubus barely misses you. The bat misses you.
Are you sure you want to abandon this character and quit the game? (Confirm with "yes".)

#.# #.####....#.#....
#.# #.####.##.#......
#.###.(.......#.#....
#.##.(...#.####......
#.##.#(...).#########
#.##'#.#.#.......#...
#.#bb§b..#<##(####.#.
#.#b5rb#.####.####.#.
#.#@@5##...........#.
#.###########.####.#.
#....................
######.###.##.#..###.
#.# #.##........
#####.###...........
#.................##
#......############
#......#


You could see Eustachio, a crimson imp, an ufetubus, a grey rat and 3 bats.

Vanquished Creatures
  Edmund (D:4)
  Blork the orc (D:4)
  A scorpion (D:3)
  An orc wizard (D:3)
  An iguana (D:4)
  6 adders
  6 gnolls
  3 giant geckos
  An ooze (D:3)
  10 orcs
  8 bats
  5 giant cockroaches
  4 hobgoblins
  4 jackals (D:2)
  2 quokkas (D:2)
  2 ball pythons
  7 giant newts
  8 goblins
  6 kobolds
  7 rats
84 creatures vanquished.

Notes
Turn   | Place    | Note
--------------------------------------------------------------
     0 | D:1      | Meatballs, the Ogre Hunter, began the quest for the Orb.
     0 | D:1      | Reached XP level 1. HP: 20/20 MP: 0/0
    83 | D:1      | Reached XP level 2. HP: 14/28 MP: 1/1
   563 | D:2      | Reached XP level 3. HP: 16/35 MP: 2/2
   692 | D:2      | Found a bloodstained altar of Trog.
   701 | D:2      | Became a worshipper of Trog the Wrathful
   894 | D:2      | Reached skill level 5 in Maces & Flails
   894 | D:2      | Reached XP level 4. HP: 28/44 MP: 3/3
  1153 | D:2      | Acquired Trog's first power
  1219 | D:2      | Reached skill level 6 in Maces & Flails
  1601 | D:3      | Reached XP level 5. HP: 42/50 MP: 4/4
  1821 | D:3      | Acquired Trog's second power
  2198 | D:3      | Reached skill level 7 in Maces & Flails
  2671 | D:4      | Reached XP level 6. HP: 58/58 MP: 5/5
  2679 | D:4      | Noticed Edmund
  2679 | D:4      | Noticed Blork the orc
  2690 | D:4      | Killed Edmund
  2690 | D:4      | Reached skill level 8 in Maces & Flails
  2704 | D:4      | Killed Blork the orc
  2704 | D:4      | Reached skill level 9 in Maces & Flails
  2878 | D:4      | Noticed Eustachio
  2917 | D:3      | Reached XP level 7. HP: 39/66 MP: 6/6
  3493 | D:3      | Quit the game

Action                   |  1- 3 |  4- 6 |  7- 9 || total
-------------------------+-------+-------+-------++-------
Melee: Club              |   140 |    17 |       ||   157
       Flail             |       |   133 |       ||   133
       Dire flail        |       |    30 |    20 ||    50
Throw: Large rock        |       |    12 |     5 ||    17
       Throwing net      |       |       |     2 ||     2
Invok: Berserk           |       |     2 |     1 ||     3
  Use: Potion            |     2 |       |       ||     2
       Scroll            |       |       |     6 ||     6
 Stab: Distracted        |     1 |       |       ||     1
